 Dungeon Crawl Stone Soup version 0.18.1-8-gdd0e5ea (webtiles) character file.

310 Jersh the Ducker (level 6, -2/51 HPs)
             Began as a Hill Orc Gladiator on June 4, 2016.
             Was a Follower of Elyvilon.
             Slain by Edmund
             ... wielding a +4 dire flail of protection
              (13 damage)
             ... on level 6 of the Dungeon.
             The game lasted 00:26:56 (2648 turns).

Jersh the Ducker (Hill Orc Gladiator)               Turns: 2648, Time: 00:26:57

Health: -2/51      AC:  7    Str: 20    XL:     6   Next: 41%
Magic:  6/6        EV: 17    Int:  8    God:    Elyvilon [*.....]
Gold:   163        SH:  4    Dex: 11    Spells: 0 memorised, 5 levels left

rFire  . . .     SeeInvis .     p - -2 whip (curse)
rCold  + . .     Gourm    .     s - +0 leather armour
rNeg   . . .     Faith    .     x - +1 buckler
rPois  .         Spirit   .     c - +2 helmet
rElec  .         Dismiss  .     (no cloak)
rCorr  .         Reflect  .     (no gloves)
SustAt .         Harm     .     j - +0 pair of boots
MR     .....                    (no amulet)
Stlth  +.........               t - ring of protection from cold
                                e - +5 ring of evasion

@: very slightly contaminated, starving, hasted, very quick, not resistant to
hostile enchantments, very unstealthy
A: no striking features
a: Lesser Healing, Divine Protection, Renounce Religion


You were on level 6 of the Dungeon.
You worshipped Elyvilon.
Elyvilon was aware of your devotion.
You were starving.

You visited 1 branch of the dungeon, and saw 6 of its levels.

You collected 163 gold pieces.

Inventory:

Hand Weapons
 a - a +0 flail
 g - a +0 whip
 n - a +0 whip
 p - a cursed -2 whip (weapon)
 r - a +0 whip
 v - a +0 flail
Missiles
 d - 3 throwing nets (quivered)
 y - 17 sling bullets
Armour
 b - a +0 leather armour
 c - a +2 helmet (worn)
 i - a +0 chain mail
 j - a +0 pair of boots (worn)
 s - a +0 leather armour (worn)
 x - a +1 buckler (worn)
Rods
 o - a +0 rod of inaccuracy (9/9)
   (You took it off a hobgoblin on level 3 of the Dungeon)
Jewellery
 e - a +5 ring of evasion (left hand)
 t - a ring of protection from cold (right hand)
Wands
 h - a wand of slowing (48/48)
 z - a wand of enslavement (10/24)
Scrolls
 m - a scroll of identify
Potions
 k - a potion of haste
Comestibles
 f - a meat ration
 q - a beef jerky
 w - a bread ration


   Skills:
 + Level 3.3 Fighting
 + Level 4.4 Maces & Flails
 + Level 2.0 Throwing
 + Level 1.5 Armour
 + Level 4.6 Dodging
 + Level 0.2 Shields


You had 5 spell levels left.
You didn't know any spells.

Dungeon Overview and Level Annotations

Branches:
Dungeon (5/15)
 Temple: D:4-7

Altars:
Elyvilon
Makhleb

Annotations:
D:6 Edmund


Message History

The giant frog gives a loud, deep croak!
Found 16 sling bullets and a wand of slowing.
You barely miss Edmund. Edmund misses you. The giant frog hits you.
* * * LOW HITPOINT WARNING * * *
The giant frog hits you but does no damage.
You closely miss the giant frog. The giant frog misses you.
The giant frog barely misses you.
Edmund says, "I might not be good at magic, but I can still kill you!"
The giant frog hits you.
* * * LOW HITPOINT WARNING * * *
Edmund says, "You wouldn't believe how much I paid for this flail."
Drink which item? (? for menu, Esc to quit)
You feel better. Edmund completely misses you.
Drink which item? (? for menu, Esc to quit)
You feel yourself speed up. Edmund completely misses you.
You are very lightly contaminated with residual magic.
You closely miss Edmund.
Edmund hits you with a dire flail of protection!
You die...

### #.. ###.#####
#.......# #.......#
#.......#
#/......#########
#####......F@@.......
.(......#+###########
#######.# ###


You could see Edmund and a giant frog.

Vanquished Creatures
  A centaur (D:5)
  An orc priest (D:3)
  Terence (D:2)
  Ijyb (D:2)
  A worker ant (D:4)
  Robin (D:1)
  2 adders
  An ooze (D:1)
  2 worms
  A dart slug (D:1)
  4 giant geckos
  7 orcs
  7 bats
  2 giant cockroaches
  13 goblins
  11 hobgoblins
  4 jackals (D:1)
  6 kobolds
  A quokka (D:3)
  3 giant newts (D:3)
  4 rats
  A bush (D:1)
75 creatures vanquished.

Notes
Turn   | Place    | Note
--------------------------------------------------------------
     0 | D:1      | Jersh the Hill Orc Gladiator began the quest for the Orb.
     0 | D:1      | Reached XP level 1. HP: 18/18 MP: 1/1
    51 | D:1      | Reached XP level 2. HP: 15/25 MP: 2/2
   187 | D:1      | Reached XP level 3. HP: 19/30 MP: 3/3
   335 | D:2      | Noticed Robin
   335 | D:2      | Noticed Terence
   345 | D:1      | Killed Robin
   397 | D:2      | Killed Terence
   397 | D:2      | Reached XP level 4. HP: 11/37 MP: 4/4
   525 | D:2      | Found a white marble altar of Elyvilon.
   595 | D:2      | Became a worshipper of Elyvilon the Healer
   791 | D:2      | Noticed Ijyb
   825 | D:2      | Killed Ijyb
   825 | D:2      | Reached XP level 5. HP: 23/45 MP: 5/5
  1200 | D:3      | Found a faded altar to an unknown god.
  1705 | D:4      | Reached skill level 1 in Armour
  1726 | D:4      | Reached * piety under Elyvilon
  1798 | D:4      | Found a burning altar of Makhleb.
  1846 | D:4      | Reached XP level 6. HP: 39/51 MP: 6/6
  2448 | D:5      | Entered Level 5 of the Dungeon
  2530 | D:5      | Noticed a phantom
  2636 | D:4      | You fall through a shaft for 2 floors!
  2636 | D:6      | Noticed Edmund
  2648 | D:6      | Slain by Edmund

Skill      XL: |  1  2  3  4  5 |
---------------+----------------+-----
Throwing       | 2 |  2.0
Dodging        | 3 4 |  4.6
Fighting       | 3 |  3.3
Maces & Flails | 4 |  4.4
Armour         | 1 |  1.5
Shields        | |  0.2

Action                   |  1- 3 |  4- 6 || total
-------------------------+-------+-------++-------
Melee: Flail             |   174 |    79 ||   253
       Whip              |       |   277 ||   277
  Use: Scroll            |     1 |     8 ||     9
       Potion            |       |     6 ||     6
  Eat: Bread ration      |       |     1 ||     1
Armor: Leather armour    |    50 |    79 ||   129
Dodge: Dodged            |   199 |   367 ||   566
Block: Buckler           |       |    14 ||    14
